[Event "fics rated crazyhouse match"]
[Site "fics, Oklahoma City, OK USA"]
[Date "2000.09.21"]
[White "LSS"]
[WhiteElo "2446"]
[Black "Sunsetter"]
[BlackElo "2324"]
[TimeControl "180+0"]
[Result "0-1"]

1. e4 Nf6 2. e5 Nd5 3. d4 d6 4. Nf3 Bg4 5. exd6 exd6 6. Be2 
Nc6 7. Nc3 Nxc3 8. bxc3 d5 9. O-O P@h3 10. gxh3 Bxh3 11. Re1 N@g2 
12. Bf1+ Nxe1 13. Qxe1+ R@e7 14. Bxh3 Rxe1+ 15. Nxe1 Q@g6+ 16. R@g2 Qgd6 17. B@g3 
Q6e7 18. P@d7+ Qdxd7 19. Bxd7+ Qxd7 20. Bcf4 P@h3 21. Bxc7 hxg2 22. Nxg2 P@f3 
23. Re1+ R@e4 24. Rxe4+ dxe4 25. Ne3 R@a1+ 26. R@f1 Rxf1+ 27. Kxf1 R@h1+ 28. N@g1 
B@e2+ 29. Ke1 Rxg1+ 30. N@f1 N@g2+ 31. Kd2 Nxe3 32. Nxe3 N@b1# 
{LSS checkmated} 0-1

[Event "fics rated crazyhouse match"]
[Site "fics, Oklahoma City, OK USA"]
[Date "2000.09.21"]
[White "Sunsetter"]
[WhiteElo "2335"]
[Black "LSS"]
[BlackElo "2435"]
[TimeControl "180+0"]
[Result "1-0"]

1. e4 e6 2. Nc3 Nc6 3. Nf3 d5 4. Bb5 d4 5. Ne2 Bc5 6. O-O 
Bd7 7. d3 a6 8. Bg5 f6 9. Bxc6 bxc6 10. N@b7 Qe7 11. Nxc5 Qxc5 
12. B@a3 Qxa3 13. bxa3 fxg5 14. Nxg5 B@g6 15. Nxd4 B@f7 16. Q@b7 Rd8 17. Nxf7 
Bxf7 18. Qxc7 Ne7 19. B@e5 O-O 20. P@f6 gxf6 21. Bxf6 B@c5 22. P@g7 Rfe8 
23. P@h6 N@g6 24. Bxe7 Bxe7 25. Nxc6 Bxc6 26. Qxc6 B@f4 27. B@c1 N@e5 28. Qxa6 
Bxc1 29. Rxc1 B@f4 30. B@d2 Bxd2 31. N@e3 Bxc1 32. P@d7 Rxd7 33. P@f5 exf5 
34. exf5 Nf4 35. P@e6 Bxe3 36. exf7+ Nxf7 37. fxe3 N@h3+ 38. gxh3 Nxh3+ 39. Kg2 
N@h4+ 40. Kxh3 B@g2+ 41. Kg3 Bd6+ 42. P@e5 Bxe5+ 43. Kg4 P@h5+ 44. Kxh5 
{LSS forfeits on time} 1-0

[Event "fics rated crazyhouse match"]
[Site "fics, Oklahoma City, OK USA"]
[Date "2000.09.21"]
[White "LSS"]
[WhiteElo "2425"]
[Black "Sunsetter"]
[BlackElo "2345"]
[TimeControl "180+0"]
[Result "1-0"]

1. e4 Nf6 2. e5 Nd5 3. Nc3 e6 4. Nxd5 exd5 5. d4 d6 6. Nf3 
dxe5 7. Nxe5 P@f6 8. Nxf7 Kxf7 9. Bd3 Qe8+ 10. Qe2 Qxe2+ 11. Bxe2 Q@b4+ 
12. P@c3 Qd6 13. O-O N@f4 14. Bxf4 Qxf4 15. Bf3 N@h3+ 16. gxh3 Qxf3 17. P@g2 
Qf5 18. Rfe1 Bd6 19. N@g3 Qxc2 20. N@e5+ fxe5 21. N@g5+ Kg6 22. Q@f7+ Kxg5 
23. dxe5 Bxe5 24. Rxe5+ B@f5 25. h4+ Kg4 26. P@f3+ Kf4 27. Rxf5+ Bxf5 28. B@e3+ 
Ke5 29. Qe7+ N@e6 30. f4# 
{Sunsetter checkmated} 1-0

[Event "fics rated crazyhouse match"]
[Site "fics, Oklahoma City, OK USA"]
[Date "2000.09.21"]
[White "Sunsetter"]
[WhiteElo "2339"]
[Black "LSS"]
[BlackElo "2431"]
[TimeControl "180+0"]
[Result "0-1"]

1. e4 e6 2. Nc3 d5 3. exd5 exd5 4. Bb5+ Nc6 5. Bxc6+ bxc6 6. d4 
Bb4 7. Qe2+ Qe7 8. Qxe7+ Nxe7 9. Q@d2 Bxc3 10. Qxc3 N@e4 11. Qd3 B@a6 
12. P@d7+ Kxd7 13. B@h3+ P@e6 14. Bxe6+ fxe6 15. N@e5+ Kd8 16. Nf7+ Ke8 17. Qxa6 
Bxa6 18. P@b5 Bxb5 19. c4 Bxc4 20. Ne2 Bxe2 21. B@d7+ Kxf7 22. Bxe6+ Kxe6 
23. Kxe2 B@d3+ 24. Kxd3 Q@c4+ 25. Ke3 Q@e2+ 26. Kf4 Qxf2+ 27. B@f3 g5+ 28. Kg4 
h5+ 29. Kh3 Qh4# 
{Sunsetter checkmated} 0-1

[Event "fics rated crazyhouse match"]
[Site "fics, Oklahoma City, OK USA"]
[Date "2000.09.21"]
[White "LSS"]
[WhiteElo "2437"]
[Black "Sunsetter"]
[BlackElo "2333"]
[TimeControl "180+0"]
[Result "1-0"]

1. e4 e5 2. Nf3 Nc6 3. Bc4 Nf6 4. d3 Be7 5. Nc3 d6 6. h3 
O-O 7. O-O Be6 8. Re1 Bxc4 9. dxc4 Na5 10. B@f1 Nc6 11. Nd5 Rb8 
12. c3 Ra8 13. g3 Rc8 14. Bg2 Ra8 15. Qc2 Na5 16. b3 Nc6 17. Be3 
Nh5 18. Rad1 Re8 19. Nxe7+ Rxe7 20. B@h4 f6 21. Nh2 Nb8 22. Qe2 Qe8 
23. Bf3 B@g6 24. Ng4 Nd7 25. Rd2 Re6 26. Red1 Re7 27. Nh2 Nc5 28. Bxc5 
dxc5 29. Bxh5 Bxh5 30. f3 Bg6 31. N@f5 Bxf5 32. exf5 N@c6 33. B@d5+ N@f7 
34. Bxf7+ Qxf7 35. Ng4 B@g5 36. Bxg5 fxg5 37. N@h6+ gxh6 38. Nxh6+ Kh8 39. Nxf7+ 
Rxf7 40. P@h6 N@h5 41. B@g7+ Nxg7 42. hxg7+ Rxg7 43. f6 N@f5 44. fxg7+ Kxg7 
45. N@h5+ Kh6 46. g4 B@e3+ 47. Qxe3 P@h2+ 48. Kh1 P@g2+ 49. Kxh2 B@g3+ 50. Nxg3 
Nxe3 51. Q@f6+ B@g6 52. R@h5# 
{Sunsetter checkmated} 1-0

[Event "fics rated crazyhouse match"]
[Site "fics, Oklahoma City, OK USA"]
[Date "2000.09.21"]
[White "Sunsetter"]
[WhiteElo "2327"]
[Black "LSS"]
[BlackElo "2443"]
[TimeControl "180+0"]
[Result "0-1"]

1. d4 e6 2. Nf3 d5 3. Nc3 Nf6 4. Bg5 Be7 5. Bxf6 Bxf6 6. e4 
B@b4 7. Bb5+ Bd7 8. Bd3 dxe4 9. Bxe4 Bc6 10. Bxc6+ Nxc6 11. N@e5 Bxe5 
12. Nxe5 Nxe5 13. dxe5 Bxc3+ 14. bxc3 P@d2+ 15. Qxd2 Qxd2+ 16. Kxd2 N@c4+ 17. Kd3 
Nxe5+ 18. Ke2 N@f4+ 19. Kd1 Q@e2+ 20. Kc1 Nfd3+ 21. cxd3 Nxd3+ 22. Kb1 Qb2# 
{Sunsetter checkmated} 0-1

[Event "fics rated crazyhouse match"]
[Site "fics, Oklahoma City, OK USA"]
[Date "2000.09.21"]
[White "JiggaB"]
[WhiteElo "2159"]
[Black "LSS"]
[BlackElo "2453"]
[TimeControl "180+0"]
[Result "0-1"]

1. e4 e6 2. d4 d5 3. exd5 exd5 4. Nf3 Bg4 5. Bb5+ Nc6 6. Bxc6+ 
bxc6 7. Qe2+ Be7 8. N@e5 B@d7 9. Nxf7 P@e4 10. Nxd8 Kxd8 11. P@b7 Rb8 
12. Q@a8 Rxa8 13. bxa8=Q+ Bc8 14. P@b7 N@b6 15. bxc8=Q+ Bxc8 16. Qxa7 exf3 17. gxf3 
P@g2 18. Rg1 Q@h1 19. Qxc7+ Kxc7 20. Bf4+ P@d6 21. Rxh1 gxh1=Q+ 22. B@f1 N@g2+ 
23. Kd1 Nxf4 24. Q@a7+ R@b7 25. Qxb6+ Rxb6 26. N@a8+ Kb8 27. Nxb6 Nxe2 28. R@a8+ 
Kb7 29. R@b8+ Kc7 30. Rxc8+ Kxb6 31. P@a5+ Kb5 32. a4+ Kc4 33. B@d3+ Kxd4 
34. Bxe2 Q@e1+ 35. Kxe1 N@g2+ 36. Kd2 Q@e1# 
{JiggaB checkmated} 0-1

[Event "fics rated crazyhouse match"]
[Site "fics, Oklahoma City, OK USA"]
[Date "2000.09.21"]
[White "LSS"]
[WhiteElo "2456"]
[Black "JiggaB"]
[BlackElo "2156"]
[TimeControl "180+0"]
[Result "1-0"]

1. e4 e6 2. d4 Nc6 3. c3 d5 4. e5 Nge7 5. Nh3 Nf5 6. Be2 
Be7 7. O-O Bh4 8. Na3 Be7 9. Nc2 b6 10. Nf4 Bb7 11. Nh5 Rg8 
12. Bg4 a5 13. Re1 Nh6 14. Bxh6 gxh6 15. N@f6+ Bxf6 16. Nxf6+ Qxf6 17. exf6 
B@g5 18. B@e5 Nxe5 19. dxe5 O-O-O 20. Nd4 B@c5 21. N@a7+ Kb8 22. Nac6+ Bxc6 
23. Nxc6+ Kb7 24. Qa4 Ra8 25. Nxa5+ Rxa5 26. B@c6+ Ka6 27. Q@b7# 
{JiggaB checkmated} 1-0

[Event "fics rated crazyhouse match"]
[Site "fics, Oklahoma City, OK USA"]
[Date "2000.09.21"]
[White "JiggaB"]
[WhiteElo "2153"]
[Black "LSS"]
[BlackElo "2458"]
[TimeControl "180+0"]
[Result "0-1"]

1. e4 e6 2. Nc3 Nf6 3. d4 d5 4. Bg5 Be7 5. e5 Ne4 6. Nxe4 
dxe4 7. Bxe7 Qxe7 8. B@c5 B@b4+ 9. Bxb4 Qxb4+ 10. B@c3 Qe7 11. Bb5+ B@c6 
12. Bxc6+ Nxc6 13. B@c5 Qg5 14. N@g4 h5 15. Ne3 N@f4 16. h4 Nxg2+ 17. Kd2 
Qg6 18. Nxg2 Qxg2 
{JiggaB resigns} 0-1

[Event "fics rated crazyhouse match"]
[Site "fics, Oklahoma City, OK USA"]
[Date "2000.09.21"]
[White "LSS"]
[WhiteElo "2460"]
[Black "JiggaB"]
[BlackElo "2150"]
[TimeControl "180+0"]
[Result "1-0"]

1. e4 d5 2. exd5 Nf6 3. Nc3 Nxd5 4. Nxd5 Qxd5 5. Nf3 e6 6. N@c3 
Qd8 7. Bb5+ Bd7 8. Bxd7+ Nxd7 9. d4 P@f6 10. O-O Bb4 11. Re1 Bxc3 
12. bxc3 N@d5 13. P@b2 N7b6 14. B@h3 N@f4 15. B@g4 Nxh3+ 16. Bxh3 B@d7 17. N@h5 
Rg8 18. Nf4 Nxf4 19. Bxf4 Nd5 20. Bg3 N@f4 21. c4 Nxh3+ 22. gxh3 Nb6 
23. N@e3 Bc6 24. d5 Bd7 25. dxe6 Bxe6 26. P@d5 Bxh3 27. c5 P@e4 28. cxb6 
exf3 29. bxc7 Qe7 30. d6 Qd7 31. N@c5 N@e2+ 32. Rxe2 fxe2 33. Qxe2 B@g2 
34. Nxg2+ B@e6 35. Nxd7 
{JiggaB resigns} 1-0

[Event "fics rated crazyhouse match"]
[Site "fics, Oklahoma City, OK USA"]
[Date "2000.09.21"]
[White "RFrancisco"]
[WhiteElo "2165"]
[Black "LSS"]
[BlackElo "2462"]
[TimeControl "180+0"]
[Result "1-0"]

1. e4 e6 2. d4 Nc6 3. Be3 Nf6 4. Bd3 d5 5. e5 Ne4 6. Nh3 
Be7 7. O-O h5 8. f3 Ng5 9. Bxg5 Bxg5 10. f4 B@e3+ 11. Kh1 Bgxf4 
12. Nxf4 Bxd4 13. Nxh5 Bxe5 14. P@g6 f5 15. N@f7 Qh4 16. Nxg7+ Bxg7 17. Nxh8 
N@g3+ 18. Kg1 Bd4+ 19. B@f2 Qxh2+ 20. Kxh2 Nxf1+ 21. Bxf1 R@h6+ 22. R@h5 Rxh5+ 
23. Qxh5 Kd7 24. R@f7+ R@e7 25. Bxd4 P@g3+ 26. Kh1 Rxf7 27. N@c5+ Ke7 28. P@f6+ 
Kd6 29. Nxf7# 
{LSS checkmated} 1-0

[Event "fics rated crazyhouse match"]
[Site "fics, Oklahoma City, OK USA"]
[Date "2000.09.21"]
[White "LSS"]
[WhiteElo "2448"]
[Black "RFrancisco"]
[BlackElo "2179"]
[TimeControl "180+0"]
[Result "1-0"]

1. e4 e6 2. d4 Nc6 3. c3 Nf6 4. Bd3 d6 5. Nf3 Be7 6. O-O 
O-O 7. h3 e5 8. d5 Nh5 9. dxc6 bxc6 10. Qe1 P@g4 11. hxg4 Bxg4 
12. Nh2 Be6 13. Be3 P@f4 14. Bc1 Bh4 15. Nf3 Rb8 16. P@f5 Bxf5 17. exf5 
P@g3 18. fxg3 fxg3 19. Qd1 Nf4 20. Bxf4 exf4 21. P@e6 fxe6 22. fxe6 B@h5 
23. B@f7+ Rxf7 24. exf7+ Bxf7 25. N@f5 B@g4 26. N@h6+ gxh6 27. Nxh6+ Kf8 28. R@h8+ 
Kg7 29. Rxh7+ Kf8 30. Rxf7+ Ke8 31. Qe2+ P@e5 32. Nxg4 P@h2+ 33. Kh1 N@f2+ 
34. Nxf2 gxf2 35. N@f5 Kxf7 36. N3xh4 R@g1+ 37. Kxh2 P@g3+ 38. Kh3 Qxh4+ 39. Kxh4 
N@g6+ 40. Kh5 N@f6+ 41. Kg5 Nh7+ 42. Kh6 Nf6 43. Q@g7+ Ke6 44. Bc4# 
{RFrancisco resigns} 1-0

[Event "fics rated crazyhouse match"]
[Site "fics, Oklahoma City, OK USA"]
[Date "2000.09.21"]
[White "LSS"]
[WhiteElo "2451"]
[Black "RFrancisco"]
[BlackElo "2183"]
[TimeControl "180+0"]
[Result "1-0"]

1. e4 e6 2. d4 Nc6 3. c3 Nf6 4. Bd3 d6 5. Nf3 Be7 6. O-O 
O-O 7. h3 Bd7 8. Be3 Re8 9. Nbd2 Bf8 10. e5 Nd5 11. Bxh7+ Kxh7 
12. Ng5+ Kh8 13. Nxf7+ Kg8 14. Nxd8 Nxd8 15. P@g6 
{RFrancisco resigns} 1-0

[Event "fics rated crazyhouse match"]
[Site "fics, Oklahoma City, OK USA"]
[Date "2000.09.21"]
[White "RFrancisco"]
[WhiteElo "2180"]
[Black "LSS"]
[BlackElo "2454"]
[TimeControl "180+0"]
[Result "0-1"]

1. e4 e6 2. d4 Nf6 3. Bd3 d5 4. e5 Ne4 5. Nh3 Nc6 6. c3 
Be7 7. O-O a6 8. f3 Ng5 9. Bxg5 Bxg5 10. f4 Bh4 11. N@h5 B@f8 
12. Qg4 g6 13. Nf6+ Bxf6 14. exf6 N@e3 15. Qf3 Nxf1 16. Qxf1 Rg8 17. B@e5 
Nxe5 18. fxe5 B@e3+ 19. Kh1 Bd7 20. N@g5 Bxg5 21. Nxg5 Bb5 22. Bxb5+ axb5 
23. Nxf7 Qd7 24. Nd6+ cxd6 25. f7+ Kd8 26. fxg8=Q B@e7 27. B@b6+ N@c7 28. Qgxf8+ 
Bxf8 29. Qxf8+ R@e8 30. P@e7+ Qxe7 31. Bxc7+ Qxc7 32. B@h4+ P@e7 33. Bxe7+ Qxe7 
34. N@f7+ Kd7 35. Qxe7+ Rxe7 36. R@c7+ Kxc7 37. exd6+ Kb6 38. Q@c5+ Ka6 39. Qa3+ 
P@a4 40. N@c5+ Ka7 41. P@b6+ Kxb6 42. Nxa4+ Rxa4 43. P@c5+ Kc6 44. Nd8+ Kd7 
45. B@g1 R@e1 46. Nd2 N@f2# 
{RFrancisco checkmated} 0-1

[Event "fics rated crazyhouse match"]
[Site "fics, Oklahoma City, OK USA"]
[Date "2000.09.22"]
[White "nasnad"]
[WhiteElo "2361"]
[Black "spurs"]
[BlackElo "2288"]
[TimeControl "60+0"]
[Result "1-0"]

1. e4 e6 2. Nc3 d5 3. d4 dxe4 4. Nxe4 Be7 5. Nf3 Nf6 6. Bd3 
Nxe4 7. Bxe4 P@f5 8. Bd3 Nc6 9. N@h5 Rg8 10. c3 Bd7 11. P@f4 Bf6 
12. O-O Qe7 13. Ne5 Bxe5 14. fxe5 f6 15. exf6 gxf6 16. B@g3 Nd8 17. P@e4 
Bc6 18. Re1 fxe4 19. Bxe4 Bxe4 20. Rxe4 B@d5 21. B@f3 Bxe4 22. Bxe4 Rxg3 
23. hxg3 P@h2+ 24. Kxh2 B@d6 25. R@h8+ Kd7 26. B@a4+ c6 27. P@c5 R@h4+ 28. P@h3 
N@g4+ 29. Qxg4 Rxg4 30. cxd6 Qxd6 31. B@e8+ Kc7 32. N@f3 N@f1+ 33. Kg1 P@h2+ 
34. Nxh2 Nxh2 35. Bf4 Rxf4 36. Nxf4 N@f3+ 37. gxf3 Nxf3+ 38. Bxf3 P@h2+ 39. Kxh2 
Qxf4 40. P@d6+ Qxd6 41. N@a6+ bxa6 42. P@e5 fxe5 43. dxe5 Qxe5 44. R@d7+ Kc8 
45. P@b7+ Nxb7 46. N@e7+ Kb8 47. Nxc6+ Kc8 48. Nxe5 
{spurs forfeits on time} 1-0

[Event "fics rated crazyhouse match"]
[Site "fics, Oklahoma City, OK USA"]
[Date "2000.09.22"]
[White "spurs"]
[WhiteElo "2281"]
[Black "nasnad"]
[BlackElo "2367"]
[TimeControl "60+0"]
[Result "1-0"]

1. d4 Nf6 2. Nf3 d5 3. Nc3 Bg4 4. Bg5 Bxf3 5. exf3 Nc6 6. Bb5 
N@e6 7. Bxc6+ bxc6 8. Bxf6 exf6 9. B@b7 B@d7 10. Bxa8 Qxa8 11. N@a6 B@a5 
12. R@b8+ Qxb8 13. Nxb8 Bfb4 14. Nxd7 Bxc3+ 15. bxc3 Bxc3+ 16. Kf1 B@a6+ 17. B@d3 
Bxd3+ 18. cxd3 N@d2+ 19. Kg1 P@b2 20. Q@c8+ R@d8 21. Nxf6+ gxf6 22. P@d7+ Ke7 
23. B@a3+ B@b4 24. N@f5+ Kf8 25. B@g7+ Nxg7 26. Qxd8+ N@e8 27. Bxb4+ Bxb4 28. B@e7+ 
Bxe7 29. Qxe7+ Kg8 30. Nh6# 
{nasnad checkmated} 1-0

[Event "fics rated crazyhouse match"]
[Site "fics, Oklahoma City, OK USA"]
[Date "2000.09.22"]
[White "nasnad"]
[WhiteElo "2357"]
[Black "spurs"]
[BlackElo "2292"]
[TimeControl "60+0"]
[Result "1-0"]

1. e4 e6 2. Nc3 d5 3. d4 dxe4 4. Nxe4 Be7 5. Nf3 Nf6 6. Nxf6+ 
Bxf6 7. P@e5 Be7 8. N@h5 Rg8 9. Bd3 P@g6 10. Nxg7+ Rxg7 11. P@f6 Bxf6 
12. exf6 Qxf6 13. B@e5 Qe7 14. Bxg7 P@f6 15. R@h8+ Kd7 16. Bf4 P@d6 17. Be4 
c6 18. Bf8 Qe8 19. Bg7 Qe7 20. Bxf6 Qxf6 21. Bg5 Qxh8 22. P@f6 Kc7 
23. Bf4 Bd7 24. Bxd6+ Kxd6 25. Qd2 Kc7 26. P@c5 Kc8 27. Ne5 B@a6 28. Nxf7 
Qe8 29. Nd6+ Kc7 30. Nxe8+ Bxe8 31. P@d6+ Kc8 32. Q@c7# 
{spurs checkmated} 1-0

[Event "fics rated crazyhouse match"]
[Site "fics, Oklahoma City, OK USA"]
[Date "2000.09.22"]
[White "spurs"]
[WhiteElo "2285"]
[Black "nasnad"]
[BlackElo "2364"]
[TimeControl "60+0"]
[Result "1-0"]

1. d4 Nf6 2. Nf3 Nc6 3. Bg5 Ne4 4. Nc3 Nxg5 5. Nxg5 e5 6. Nxf7 
Kxf7 7. dxe5 Nxe5 8. Qd5+ P@e6 9. Qxe5 B@f6 10. Qe4 d5 11. Qd3 N@b4 
12. Qd1 Bc5 13. e3 Rf8 14. Bd3 g6 15. P@h5 Rg8 16. hxg6+ hxg6 17. N@h6+ 
Kg7 18. Nxg8 Qxg8 19. P@h6+ Kf7 20. P@g7 Bxe3 21. Bxg6+ Kxg6 22. fxe3 Bxc3+ 
23. bxc3 P@f2+ 24. Kf1 B@a6+ 25. B@d3+ Bxd3+ 26. cxd3 N@f5 27. B@h5+ Kxh6 28. R@g6+ 
Kh7 29. N@f6# 
{nasnad checkmated} 1-0

[Event "fics rated crazyhouse match"]
[Site "fics, Oklahoma City, OK USA"]
[Date "2000.09.22"]
[White "nasnad"]
[WhiteElo "2354"]
[Black "spurs"]
[BlackElo "2295"]
[TimeControl "60+0"]
[Result "1-0"]

1. e4 e6 2. d4 d5 3. e5 Ne7 4. h4 Nbc6 5. h5 Nf5 6. Nf3 
Be7 7. h6 g6 8. Nc3 Bd7 9. Bf4 Bb4 10. a3 Bxc3+ 11. bxc3 N@e4 
12. B@d2 Qe7 13. Bd3 O-O-O 14. a4 Rde8 15. a5 a6 16. Qe2 Nb8 17. Ng5 
Ref8 18. Nxe4 dxe4 19. Bxe4 Re8 20. Bxb7+ Kxb7 21. N@c5+ Kc8 22. Nxa6 Nxa6 
23. Qxa6+ B@b7 24. Qxb7+ Kxb7 25. a6+ Ka7 26. B@c5+ N@b6 27. Bxe7 Bc6 28. Bc5 
Bxg2 29. Bxb6+ Kxb6 30. Q@c5# 
{spurs checkmated} 1-0

[Event "fics rated crazyhouse match"]
[Site "fics, Oklahoma City, OK USA"]
[Date "2000.09.22"]
[White "spurs"]
[WhiteElo "2288"]
[Black "nasnad"]
[BlackElo "2361"]
[TimeControl "60+0"]
[Result "1-0"]

1. d4 Nf6 2. Nf3 e6 3. Nc3 Be7 4. Bg5 O-O 5. Bxf6 Bxf6 6. e4 
B@b4 7. e5 Bg5 8. Bd3 f5 9. exf6 Bxf6 10. P@e5 Bg5 11. h4 Bh6 
12. Bxh7+ Kxh7 13. Ng5+ Kh8 14. N@g6# 
{nasnad resigns} 1-0

[Event "fics rated crazyhouse match"]
[Site "fics, Oklahoma City, OK USA"]
[Date "2000.09.22"]
[White "nasnad"]
[WhiteElo "2351"]
[Black "spurs"]
[BlackElo "2298"]
[TimeControl "60+0"]
[Result "1-0"]

1. Nc3 e6 2. e4 d5 3. d4 Bb4 4. e5 f6 5. Nf3 Qe7 6. a3 
Bxc3+ 7. bxc3 fxe5 8. Nxe5 P@f6 9. P@f7+ Kd8 10. fxg8=Q+ Rxg8 11. Nf3 P@f7 
12. B@d3 f5 13. Ne5 Nd7 14. Nxd7 Bxd7 15. N@e5 N@e4 16. Bd2 Nxd2 17. Qxd2 
B@h6 18. N@e3 N@e4 19. Bxe4 fxe4 20. Nxd7 Qxd7 21. N@e5 Qe7 22. N@c6+ bxc6 
23. Nxc6+ Ke8 24. Nxe7 Kxe7 25. P@e5 Ke8 26. B@c6+ B@d7 27. Bxd7+ Kxd7 28. Bb5+ 
Kc8 29. Ba6+ Kd8 30. B@d6 cxd6 31. exd6 B@f6 32. Q@c7+ Ke8 33. Bb5+ Kf8 
34. P@e7+ Bxe7 35. dxe7# 
{spurs checkmated} 1-0

[Event "fics rated crazyhouse match"]
[Site "fics, Oklahoma City, OK USA"]
[Date "2000.09.22"]
[White "spurs"]
[WhiteElo "2291"]
[Black "nasnad"]
[BlackElo "2358"]
[TimeControl "60+0"]
[Result "0-1"]

1. d4 Nf6 2. Nf3 e6 3. Nc3 Be7 4. Bg5 Nc6 5. Bxf6 Bxf6 6. e4 
d6 7. Bb5 Bd7 8. Bxc6 bxc6 9. e5 Be7 10. N@h5 Rg8 11. Nxg7+ Rxg7 
12. P@f6 Bxf6 13. exf6 Qxf6 14. N@h5 Qg6 15. Nxg7+ Qxg7 16. B@h4 P@f6 17. Ne4 
B@e7 18. Nxf6+ Bxf6 19. Bxf6 Qxf6 20. B@g5 B@a5+ 21. c3 Qg6 22. P@e7 f6 
23. R@f8+ Kxe7 24. Rxa8 P@c2 25. Qd2 N@e4 26. Bxf6+ Nxf6 27. P@h6 N@d3+ 28. Qxd3 
Qxd3 29. R@g7+ P@f7 30. Rxf7+ Kxf7 31. N@h8+ Ke7 32. P@e2 R@d1+ 33. Rxd1 Qxd1# 
{spurs checkmated} 0-1

[Event "fics rated crazyhouse match"]
[Site "fics, Oklahoma City, OK USA"]
[Date "2000.09.22"]
[White "nasnad"]
[WhiteElo "2364"]
[Black "spurs"]
[BlackElo "2285"]
[TimeControl "60+0"]
[Result "0-1"]

1. f4 d5 2. Nf3 Nf6 3. e3 Bg4 4. Be2 e6 5. O-O Be7 6. b3 
h5 7. Bb2 Nbd7 8. Ne5 Nxe5 9. fxe5 Ne4 10. d3 Bxe2 11. Qxe2 N@g3 
12. hxg3 Nxg3 13. Qf3 Nxf1 14. Qxf1 B@g3 15. N@h3 P@h2+ 16. Kh1 R@e1 17. Nd2 
Rxf1+ 18. Rxf1 Bg5 19. R@f3 Bxe3 20. Rxe3 P@f2 21. Rxg3 Q@e1 22. Nxf2 Qxd2 
23. P@g6 fxg6 24. B@e3 Qe2 25. N@d2 Qh4 26. B@f7+ Kd8 27. B@g5+ Qxg5 28. Bxg5+ 
P@f6 29. exf6 Qxf1+ 30. Nxf1 R@g1+ 31. Kxh2 Rxf1 32. Rg4 Kc8 33. Kg3 B@h2+ 
34. Kf3 N@e5+ 35. Ke3 N@c4+ 36. Kd4 Nxg4 37. Kc3 c5 38. dxc4 d4+ 39. Kd3 
b6 40. Ke4 Kb7 41. Kf3 Ka6 42. Q@b5+ Kb7 43. Q@d7+ Kb8 
{nasnad forfeits on time} 0-1

[Event "fics rated crazyhouse match"]
[Site "fics, Oklahoma City, OK USA"]
[Date "2000.09.22"]
[White "spurs"]
[WhiteElo "2295"]
[Black "nasnad"]
[BlackElo "2354"]
[TimeControl "60+0"]
[Result "0-1"]

1. d4 Nf6 2. Nf3 e6 3. Nc3 Be7 4. Bg5 d5 5. Bxf6 Bxf6 6. e3 
B@e4 7. Bb5+ c6 8. Be2 Na6 9. Ne5 Bxe5 10. dxe5 N@h4 11. Rg1 Nxg2+ 
12. Rxg2 Bxg2 13. B@f1 Bxf1 14. Bxf1 B@c7 15. N@g4 P@e7 16. N@h5 Rg8 17. Qf3 
R@f5 18. Qd1 Rxh5 19. Nf6+ exf6 20. Qxh5 Bxe5 21. Qxh7 N@f3+ 22. Kd1 Kd7 
23. B@a3 P@b4 24. Bxa6 bxc3 25. N@c5+ Kc7 26. Qxg8 Qxg8 27. Nxe6+ Bxe6 28. P@d6+ 
Bxd6 29. Bxd6+ Kxd6 30. P@c5+ Kxc5 31. B@a3+ P@b4 32. Bxb4+ Kxb4 33. a3+ Kc5 
34. b4+ Kd6 35. P@c5+ Ke5 36. R@d3 P@d2 37. Ke2 Q@e1# 
{spurs forfeits on time} 0-1

[Event "fics rated crazyhouse match"]
[Site "fics, Oklahoma City, OK USA"]
[Date "2000.09.22"]
[White "nasnad"]
[WhiteElo "2361"]
[Black "spurs"]
[BlackElo "2288"]
[TimeControl "60+0"]
[Result "1-0"]

1. f4 e6 2. Nf3 d5 3. e3 Nf6 4. Be2 Ne4 5. O-O Nc6 6. d3 
Nf6 7. b3 Be7 8. Bb2 h5 9. Nbd2 Ng4 10. Ne5 Nxe3 11. Nxc6 bxc6 
12. Bxg7 Rg8 13. P@h7 Rxg7 14. h8=Q+ B@f8 15. Bxh5 Rxg2+ 16. Kh1 P@g6 17. P@g7 
Nxd1 18. gxf8=Q+ Bxf8 19. Raxd1 Rxh2+ 20. Kxh2 P@g3+ 21. Kxg3 P@h4+ 22. Kf2 Q@g3+ 
23. Ke2 N@d4+ 24. Qxd4 Qg2+ 25. R@f2 Qg3 26. B@f3 Qe7 27. Nb1 P@e4 28. N@f6+ 
Kd8 29. P@h7 Ba6 30. h8=Q exf3+ 31. Bxf3 B@h5 32. P@g7 Bxf3+ 33. Rxf3 Qxf3+ 
34. Rxf3 R@g2+ 35. B@f2 B@g4 36. gxf8=Q+ Qxf8 37. Q@d7# 
{spurs checkmated} 1-0

[Event "fics rated crazyhouse match"]
[Site "fics, Oklahoma City, OK USA"]
[Date "2000.09.22"]
[White "spurs"]
[WhiteElo "2282"]
[Black "nasnad"]
[BlackElo "2367"]
[TimeControl "60+0"]
[Result "1-0"]

1. d4 Nf6 2. Bg5 e6 3. Bxf6 gxf6 4. Nf3 Rg8 5. Nc3 d5 6. e4 
dxe4 7. Nxe4 B@d5 8. Nxf6+ Qxf6 9. P@e5 Qd8 10. N@f6+ Qxf6 11. exf6 Nd7 
12. P@e7 Nxf6 13. Q@d8# 
{nasnad checkmated} 1-0

[Event "fics rated crazyhouse match"]
[Site "fics, Oklahoma City, OK USA"]
[Date "2000.09.22"]
[White "nasnad"]
[WhiteElo "2357"]
[Black "spurs"]
[BlackElo "2292"]
[TimeControl "60+0"]
[Result "0-1"]

1. e4 d5 2. exd5 Qxd5 3. Nc3 Qd8 4. d4 Nf6 5. Nf3 e6 6. Be2 
Bb4 7. O-O Bxc3 8. bxc3 b6 9. B@h4 P@e7 10. Ne5 Bb7 11. f3 Nc6 
12. Bb5 N@b8 13. P@a6 Bxa6 14. Bxc6+ Nxc6 15. Nxc6 P@e2 16. Nxd8 exf1=Q+ 17. Qxf1 
Bxf1 18. Kxf1 R@h1+ 19. B@g1 Q@d1+ 20. Be1 Rxg1+ 21. Kf2 Qxe1# 
{nasnad checkmated} 0-1

[Event "fics rated crazyhouse match"]
[Site "fics, Oklahoma City, OK USA"]
[Date "2000.09.22"]
[White "spurs"]
[WhiteElo "2301"]
[Black "nasnad"]
[BlackElo "2348"]
[TimeControl "60+0"]
[Result "1-0"]

1. d4 Nf6 2. Nf3 e6 3. Bg5 Nc6 4. Nc3 d5 5. e3 Bd7 6. Bb5 
a6 7. Bxc6 bxc6 8. Ne5 B@b4 9. Nxd7 Qxd7 10. N@e5 Qd8 11. Nxc6 Qd7 
12. Ne5 Qd8 13. B@c6+ N@d7 14. Bxf6 gxf6 15. Nxd7 Bxc3+ 16. bxc3 Be7 
{nasnad resigns} 1-0

[Event "fics rated crazyhouse match"]
[Site "fics, Oklahoma City, OK USA"]
[Date "2000.09.22"]
[White "nasnad"]
[WhiteElo "2339"]
[Black "spurs"]
[BlackElo "2310"]
[TimeControl "60+0"]
[Result "1-0"]

1. e4 e6 2. d4 d5 3. e5 Be7 4. h4 f6 5. Nf3 fxe5 6. Nxe5 
P@f7 7. h5 Nf6 8. Nc3 h6 9. Bd3 Nbd7 10. Nxf7 Kxf7 11. Bg6+ Kf8 
12. P@e5 Ne4 13. Nxe4 dxe4 14. N@f7 Qe8 15. Nxh8 
{spurs resigns} 1-0

[Event "fics rated crazyhouse match"]
[Site "fics, Oklahoma City, OK USA"]
[Date "2000.09.22"]
[White "spurs"]
[WhiteElo "2303"]
[Black "nasnad"]
[BlackElo "2346"]
[TimeControl "60+0"]
[Result "1-0"]

1. d4 Nf6 2. Nf3 e6 3. Nc3 Be7 4. Bg5 d5 5. e3 Nc6 6. Bb5 
Bd7 7. Bxc6 bxc6 8. Ne5 O-O 9. Nxd7 Qxd7 10. Bxf6 Bxf6 11. N@h5 B@e7 
12. B@e5 N@h4 13. Qg4 B@g6 14. Nxf6+ Bxf6 15. Bxf6 Nxg2+ 16. Qxg2 P@d2+ 17. Kxd2 
N@c4+ 18. Ke1 Nxb2 19. N@e7+ Qxe7 20. Bxe7 P@d2+ 21. Kxd2 Nc4+ 22. Ke1 N@h6 
23. B@g5 Nf5 24. Bef6 gxf6 25. Bxf6 B@g7 26. Bxg7 Nxg7 27. N@h6+ Kh8 28. B@f6 
B@d2+ 29. Kf1 Bxc3 30. Bxg7+ Kxg7 31. N@h5+ Kxh6 32. B@g7+ Kxh5 33. Q@h6# 
{nasnad checkmated} 1-0

[Event "fics rated crazyhouse match"]
[Site "fics, Oklahoma City, OK USA"]
[Date "2000.09.22"]
[White "nasnad"]
[WhiteElo "2337"]
[Black "spurs"]
[BlackElo "2312"]
[TimeControl "60+0"]
[Result "0-1"]

1. e4 e6 2. Nc3 d6 3. d4 Be7 4. Nf3 Bd7 5. Be2 Nf6 6. O-O 
Nc6 7. Re1 O-O 8. Bf1 e5 9. d5 Nb8 10. Be3 Bg4 11. h3 Bxf3 
12. Qxf3 Nbd7 13. B@f5 Nc5 14. Bxc5 dxc5 15. N@g5 B@g6 16. Bxg6 fxg6 17. B@e6+ 
Kh8 18. Qd1 B@d4 19. Qd2 Nh5 20. Nf7+ Rxf7 21. Bxf7 N@f4 22. R@f3 N@g5 
23. Be2 Nxf3+ 24. Bxf3 Nxh3+ 25. gxh3 Bxf2+ 26. Qxf2 Bh4 27. Qg2 P@f2+ 28. Qxf2 
Bxf2+ 29. Kxf2 P@g3+ 30. Ke2 Q@f2+ 31. Kd1 R@d2+ 32. Kc1 Qxe1+ 33. B@d1 Rxc2+ 
34. Kxc2 R@d2+ 35. Kb3 c4+ 36. Kxc4 b5+ 37. Nxb5 Rxd1 38. R@g8+ Qxg8 39. N@c3 
B@d3+ 40. Kb4 P@c5+ 41. Kxc5 R@c4# 
{nasnad checkmated} 0-1